 Dungeon Crawl Stone Soup version 0.29.0-4-gdea44cf6ec (webtiles) character file.

Game seed: 8664485718958918001

11 qw the Chopper (level 2, 0/17 HPs)
             Began as a Tengu Warper on Aug 28, 2022.
             Slain by an adder (1 damage)
             ... on level 2 of the Dungeon.
             The game lasted 00:00:04 (995 turns).

qw the Chopper (Tengu Warper)                        Turns: 995, Time: 00:00:05

Health: 0/17       AC:  8    Str: 11    XL:     2   Next: 25%
Magic:  6/6        EV:  4    Int: 13    God:
Gold:   91         SH:  3    Dex: 13    Spells: 5/5 levels left

rFire   . . .      SeeInvis .   Y - +0 hand axe
rCold   . . .      Faith    .   j - +0 buckler
rNeg    . . .      Spirit   .   i - +0 chain mail
rPois   .          Reflect  .   (helmet restricted)
rElec   .          Harm     .   (no cloak)
rCorr   .          Rampage  .   (no gloves)
Will    .....                   (boots unavailable)
Stlth   ..........              (no amulet)
HPRegen 0.05/turn               (no ring)
MPRegen 0.10/turn               (no ring)

@: no status effects
A: beak, talons 3
a: no special abilities


You were on level 2 of the Dungeon.
You visited 1 branch of the dungeon, and saw 2 of its levels.

You collected 91 gold pieces.


Innate Abilities, Weirdness & Mutations

You have a beak for a mouth.
You have claws for feet.


   Skills:
 - Level 2.0 Fighting
 - Level 3.1 Axes
 - Level 1.0 Throwing
 - Level 1.1 Armour
 - Level 2.1 Dodging
 + Level 0.3 Shields
 - Level 2.0 Spellcasting
 - Level 2.4 Translocations


You had 5 spell levels left.
You didn't know any spells.
Your spell library contained the following spells:

 Spells                   Type           Power      Damage    Failure   Level
 Blink                    Tloc           14%        N/A       100%        2
 Gell's Gravitas          Tloc           7%         N/A       100%        3
 Lesser Beckoning         Tloc           7%         N/A       100%        3
 Teleport Other           Tloc           7%         N/A       100%        3
 Manifold Assault         Tloc           7%         N/A       100%        5

Inventory:

Hand Weapons
 d - a +0 club
 Y - a +0 hand axe (weapon)
Missiles
 m - a javelin (quivered)
Armour
 i - a +0 chain mail (worn)
 j - a +0 buckler (worn)
Jewellery
 b - a ring of ice
Scrolls
 a - a scroll of identify
Potions
 k - a potion of attraction {unknown}

Dungeon Overview and Level Annotations

Branches:
Dungeon (2/15)

Altars:


Message History

You barely miss the adder. You peck the adder, but do no damage.
You block the adder's attack.
You barely miss the adder. The adder bites you. x2
You miss the adder. The adder closely misses you.
You hit the adder. Your kick misses the adder.
You peck the adder, but do no damage.
The adder is moderately wounded.
The adder barely misses you. The adder bites you but does no damage.
You closely miss the adder.
The adder is moderately wounded.
The adder bites you.
You are poisoned.
The adder poisons you! The adder barely misses you.
You barely miss the adder. Your kick misses the adder.
Your peck misses the adder.
The adder is moderately wounded.
You feel sick. The adder bites you but does no damage.
You block the frilled lizard's attack.
You barely miss the adder. Your kick misses the adder.
The adder is moderately wounded.
You closely miss the frilled lizard.
You feel sick. The adder bites you but does no damage. The adder bites you.
The frilled lizard bites you but does no damage.
You barely miss the adder. Your kick misses the adder.
Your peck misses the adder.
The adder is moderately wounded.
You hit the frilled lizard.
You kill the frilled lizard!
You feel sick. The adder barely misses you. You block the adder's attack.
You barely miss the adder.
The adder is moderately wounded.
You feel sick.
You are no longer poisoned.
The adder bites you but does no damage.
You closely miss the adder. You claw the adder.
The adder is severely wounded.
The adder bites you. x2
You die...

....#.#...........
.................
#............... .
#.............. ..
#..........# .(.
#......#.### ##.... #
##.....#.######....(.
#<##......#....%#>......
..........####..@%..#
..........#....##S##...#
..........#.#### .# #
.####........... ..
######......... ...
...........###. ....
....####.### #.#.. ..
#...### ...$. ###...##


You could see an adder.

Vanquished Creatures
  A bat (D:2)
  A giant cockroach (D:1)
  2 goblins (D:1)
  A hobgoblin (D:1)
  A quokka (D:1)
  2 frilled lizards
  A kobold (D:1)
  A rat (D:1)
10 creatures vanquished.

Notes
Turn   | Place    | Note
-------+----------+-------------------------------------------
     0 | D:1      | qw the Tengu Warper began the quest for the Orb.
     0 | D:1      | Reached XP level 1. HP: 12/12 MP: 4/4
     0 | D:1      | 0 ||| qw: Version: 0.1-a-89-g26bdef1
     0 | D:1      | 0 ||| qw: Game counter: 716
     0 | D:1      | 0 ||| qw: Always use a shield: true
     0 | D:1      | 0 ||| qw: God list: Okawaru
     0 | D:1      | 0 ||| qw: Allow faded altars: false
     0 | D:1      | 0 ||| qw: Do Orc after D:15 true
     0 | D:1      | 0 ||| qw: Do second Lair branch before Depths: true
     0 | D:1      | 0 ||| qw: Lair rune preference: random
     0 | D:1      | 0 ||| qw: Plans: Normal
     0 | D:1      | 0 ||| PLANNING D:1-11
   260 | D:1      | Reached XP level 2. HP: 16/17 MP: 6/6
   340 | D:1      | Reached skill level 3 in Axes
   599 | D:1      | 599 ||| UPGRADING to +0 chain mail.
   609 | D:1      | 609 ||| DROPPING +0 leather armour.
   610 | D:1      | 610 ||| UPGRADING to +0 buckler.
   615 | D:1      | 615 ||| READING 3 scrolls labelled UKIPU CAJAA.
   616 | D:1      | 616 ||| READING scroll labelled BUAMAENWIETOGO.
   617 | D:1      | 617 ||| READING scroll labelled TIRIUL WEROUTT.
   718 | D:1      | 718 ||| READING scroll labelled IFYMIJ GIROOSU.
   719 | D:1      | 719 ||| READING 2 scrolls of identify.
   719 | D:1      | 719 ||| IDENTIFYING purple potion
   720 | D:1      | 720 ||| DROPPING scroll of blinking.
   721 | D:1      | 721 ||| Stepping randomly (stuck).
   722 | D:1      | 722 ||| Stepping ~*~*~tactically~*~*~ (cloud).
   722 | D:1      | HP: 3/17 [poisoned by you (poison gas)]
   723 | D:1      | 723 ||| DRINKING potion of curing.
   723 | D:1      | 723 ||| (to cure poison)
   979 | D:2      | 979 ||| Stepping ~*~*~tactically~*~*~ (stealth).
   994 | D:2      | HP: 4/17 [poisoned by an adder]
   995 | D:2      | HP: 1/17 [adder (3)]
   995 | D:2      | Slain by an adder

Levels and vault maps discovered:
D:1:      lemuel_arrival_behind_the_door_large, layout_loops_ring, fountainhead,
          hangedman_feature_mirror
D:2:      layout_rooms, uniq_terence, uniq_crazy_yiuf_cottage

Skill      XL: |  1  2 |
---------------+-------+-----
Axes           | 3 |  3.1
Fighting       | |  2.0
Throwing       | |  1.0
Armour         | |  1.1
Dodging        | |  2.1
Shields        | |  0.3
Spellcasting   | |  2.0
Translocations | |  2.4

Action                   || total
-------------------------++-------
Melee: Hand axe          ||    30
       Kick              ||     3
       Peck              ||     2
Throw: Boomerang         ||     7
       Javelin           ||     2
  Use: Scroll            ||     5
       Potion            ||     1
Armor: Leather armour    ||     2
       Chain mail        ||    23
Dodge: Dodged            ||     9
Block: Buckler           ||     5

Table legend:
 A = Non-vault XP
 B = Vault XP
 C = Vault XP percentage of total XP
 D = Non-vault monster count
 E = Vault monster count
 F = Vault count percentage of total count
                 A         B        C        D         E       F
            +---------+---------+-------+---------+---------+-------
      Total |      16 |       0 |   0.0 |      10 |       0 |   0.0
            +---------+---------+-------+---------+---------+-------
        D:1 |      13 |       0 |   0.0 |       8 |       0 |   0.0
        D:2 |       3 |       0 |   0.0 |       2 |       0 |   0.0
            +---------+---------+-------+---------+---------+-------
